 Dungeon Crawl Stone Soup version 0.26.1-2-gb8aa6d0cf2 (webtiles) character file.

Game seed: 10302413500464866402

33331 promet the Basher (level 13, -9/85 (86) HPs)
             Began as a Gargoyle Fighter on Feb 25, 2021.
             Was a Follower of Uskayaw.
             Mangled by a large abomination (20 damage)
             ... on level 2 of the Abyss.
             The game lasted 02:24:06 (18158 turns).

promet the Basher (Gargoyle Fighter)               Turns: 18158, Time: 02:24:07

HP:   -9/85 (86)    AC: 32    Str: 25    XL:     13   Next: 70%
MP:   0/14          EV: 13    Int:  9    God:    Uskayaw [*.....]
Gold: 270           SH: 12    Dex:  9    Spells: 14/14 levels left

rFire    . . .     SeeInvis +   a - +8 flail (protect)
rCold    . . .     Faith    .   c - +0 kite shield
rNeg     + . .     Spirit   +   J - +0 steam dragon scales
rPois    ∞         Reflect  .   v - +1 hat
rElec    +         Harm     .   q - +1 cloak
rCorr    .         Rampage  .   P - +0 pair of gloves
Will     .....                  X - +0 pair of boots
Stlth    +++.......             u - amulet of guardian spirit
HPRegen  0.24/turn              m - +4 ring of protection
MPRegen  0.14/turn              U - ring of see invisible

@: protection aura, lightly drained
A: negative energy resistance 1, electricity resistance, unbreathing,
petrification resistance, miasma immunity, AC +9
a: Renounce Religion, Stomp


You were on level 2 of the Abyss.
You worshipped Uskayaw.
Uskayaw was noncommittal.
You visited 1 branch of the dungeon, and saw 15 of its levels.
You visited the Abyss 1 time.
You also visited: Sewer.

You collected 1038 gold pieces.
You spent 768 gold pieces at shops.

Inventory:

Hand Weapons
 a - a +8 flail of protection (weapon)
 b - a +0 hand crossbow
 e - a +2 short sword of venom
 g - a +2 long sword of flaming
 D - a +2 broad axe of draining
 H - a +1 trident of freezing
 M - a +2 vampiric falchion
 N - a +0 hunting sling of flaming
Missiles
 i - 432 stones
 k - 76 poisoned darts
 o - 71 sling bullets
 x - 188 bolts
 I - 32 boomerangs
 Y - a throwing net
Armour
 c - a +0 kite shield (worn)
 q - a +1 cloak (worn)
 s - a +1 ring mail of cold resistance
 v - a +1 hat (worn)
 J - +0 steam dragon scales (worn)
 P - a +0 pair of gloves (worn)
 X - a +0 pair of boots (worn)
Jewellery
 m - a +4 ring of protection (left hand)
 p - a +6 ring of dexterity
 u - an amulet of guardian spirit (around neck)
 y - a +6 ring of intelligence
 A - an uncursed ring of magical power
 C - a +4 ring of protection
 G - an uncursed ring of stealth
 K - the ring "Uwigaudgh" {Fire Dex+3 Slay+3, unknown}
   (You found it on level 9 of the Dungeon)

   [ring of fire]

   It enhances your fire magic.
   It affects your dexterity (+3).
   It affects your accuracy and damage with ranged weapons and melee attacks
   (+3).
   It protects you from fire.
   It makes you vulnerable to cold.
 S - an uncursed amulet of regeneration
 U - a ring of see invisible (right hand)
Wands
 f - a wand of flame (28)
 l - a wand of polymorph (8)
 t - a wand of digging (10)
 L - a wand of iceblast (2)
 O - a wand of acid (4)
 Q - a wand of random effects (16) (quivered)
Scrolls
 d - 9 scrolls of teleportation
 V - a scroll of remove curse
 W - a scroll of silence
 Z - 2 scrolls of identify
Potions
 h - 4 potions of heal wounds
 j - 5 potions of haste
 n - 3 potions of flight
 r - a potion of might
 w - 2 potions of lignification
 z - 2 potions of cancellation
 B - 6 potions of curing
 F - 4 potions of attraction
 R - a potion of invisibility
 T - a potion of brilliance


   Skills:
 * Level 12.0 Fighting
 + Level 1.0(1.3) Short Blades
 + Level 1.0(1.3) Long Blades
 + Level 1.0(7.4) Axes
 + Level 12.2(12.3) Maces & Flails
 + Level 1.4(1.9) Polearms
 + Level 1.2(8.1) Staves
 + Level 3.2(3.6) Slings
 + Level 1.2 Bows
 + Level 4.3 Crossbows
 + Level 2.4(3.2) Throwing
 + Level 5.5 Armour
 + Level 5.7 Dodging
 + Level 6.8 Stealth
 + Level 9.9 Shields
 + Level 1.2 Unarmed Combat
 + Level 1.0 Spellcasting
 + Level 1.3 Conjurations
 + Level 1.0 Hexes
 + Level 1.0 Summonings
 + Level 1.0 Necromancy
 + Level 1.6 Translocations
 + Level 1.0 Transmutations
 + Level 1.2 Fire Magic
 + Level 1.2 Ice Magic
 + Level 1.0 Air Magic
 + Level 1.4 Earth Magic
 + Level 1.2 Poison Magic
 + Level 1.8 Invocations
 + Level 1.1 Evocations


You had 14 spell levels left.
You didn't know any spells.
Your spell library contained the following spells:

 Spells                   Type           Power        Failure   Level
 Beastly Appendage        Tmut           4%           43%         1
 Wereblood                Tmut           2%           56%         2
 Spider Form              Tmut/Pois      1%           80%         3
 Ice Form                 Ice/Tmut       2%           99%         4
 Blade Hands              Tmut           1%           100%        5


Dungeon Overview and Level Annotations

Branches:
Dungeon (15/15)            Temple (0/1) D:4            Lair (0/6) D:9
    Orc (0/2) D:12          Sewer (visited)
 Vaults: D:13-14     Depths: D:15

Altars:
Ashenzari
Fedhas
Hepliaklqana
Makhleb
Ru
Uskayaw
Zin

Shops:
D:7 ?([?   D:11 :*?=   D:12 (   D:14 ?


Innate Abilities, Weirdness & Mutations

You are resistant to torment.
Your stone body is resilient. (AC +9)
You are immune to poison.
You resist negative energy. (rN+)
You are resistant to electric shocks. (rElec)
You can survive without breathing.
You are immune to petrification.
You are immune to miasma.


Message History

The tormentor calls on the powers of darkness!
The basilisk convulses!
The unseen horror convulses!
Your body is wracked with pain!
* * * LOW HITPOINT WARNING * * *
You block the unseen horror's attack.
The chaos spawn shouts!
The tormentor calls on the powers of darkness!
The basilisk convulses!
The unseen horror convulses!
Your body is wracked with pain!
* * * LOW HITPOINT WARNING * * *
The unseen horror hits you but does no damage.
The chaos spawn closely misses you.
The raiju barks!
You sock the chaos spawn!
Your weapon exudes an aura of protection.
The chaos spawn is heavily wounded.
You hear a shout!
A glowing orange brain comes into view.
The large abomination hits you!!
You die...

...... #...#.
G#.....## ........#
......### # ....#.#
.# .. #4...##.#..#
... ..##.@##... ..
....
#.....#X.h.#..##. .
..#.....x.##...#..##
...#...##.2##.....##
....... #.#.... ....
...##.. ####x#..##.
#.. .#. ##3#..# ..
..#.#.....#.l.# ..
#. .#..§### ##


You could see a glowing orange brain (wandering), a large abomination, a smoke
demon, a tormentor, an unseen horror (invisible), a raiju, a chaos spawn and a
small abomination.

Vanquished Creatures
  A vault guard (D:13)
  A hydra (D:14)
  A catoblepas (D:14)
  2 boulder beetles
  An anaconda (shapeshifter) (D:14)
  2 two-headed ogres
  An unseen horror (D:14)
  An orc knight (D:13)
  3 ugly things (D:14)
  2 cyclopes
  An orc sorcerer (D:13)
  2 centaur zombies
  A gargoyle (D:11)
  Maggie (D:8)
  2 kobold demonologists
  2 yaktaurs (D:13)
  An efreet (D:14)
  2 tengu conjurers (D:13)
  3 trolls
  Grinder (D:6)
  8 slime creatures
  A small abomination (Abyss:2)
  A vampire (D:13)
  A wraith (D:12)
  A human (D:13)
  A wyvern (D:11)
  32 yaks
  Edmund (D:5)
  3 water moccasins
  11 ice beasts
  9 orc warriors
  5 sky beasts
  A black bear (D:8)
  An eye of draining (D:12)
  3 necrophages
  A wolf (D:7)
  5 centaurs
  4 ogres
  9 bullfrogs
  9 big kobolds
  4 gnoll sergeants (D:7)
  3 scorpions
  10 killer bees
  An electric eel (D:7)
  A howler monkey (D:12)
  A quasit (D:13)
  4 bullfrog zombies
  8 hounds
  3 jellies
  A centaur skeleton (D:2)
  2 gnoll shamans (D:7)
  5 orc priests
  A bullfrog skeleton (D:13)
  2 iguanas
  14 orc wizards
  8 worker ants
  Natasha (twice) (D:2)
  A merfolk siren (Sewer)
  A merfolk avatar (Sewer)
  2 hound skeletons
  2 worker ant zombies
  34 gnolls
  17 adders
  2 river rats (Sewer)
  A shadow imp (D:9)
  A white imp (D:7)
  An ufetubus (D:7)
  An ooze (D:1)
  3 worms
  3 dart slugs
  6 leopard geckos
  54 orcs
  6 ball pythons
  10 giant cockroaches
  8 goblins
  4 hobgoblins
  19 jackals
  2 quokkas
  11 bats
  5 frilled lizards
  27 kobolds
  27 rats
456 creatures vanquished.

Vanquished Creatures (others)
  An orange demon (Abyss:2)
  10 fungi (D:9)
  2 plants (D:9)
13 creatures vanquished.

Grand Total: 469 creatures vanquished

Notes
Turn   | Place    | Note
-------+----------+-------------------------------------------
     0 | D:1      | promet the Gargoyle Fighter began the quest for the Orb.
     0 | D:1      | Reached XP level 1. HP: 14/14 MP: 1/1
    59 | D:1      | Reached XP level 2. HP: 19/19 MP: 2/2
   231 | D:1      | Reached XP level 3. HP: 5/24 MP: 3/3
  1194 | D:2      | Noticed Natasha
  1206 | D:2      | Killed Natasha
  1207 | D:2      | Reached XP level 4. HP: 24/29 MP: 4/4
  1382 | D:2      | Reached XP level 5. HP: 28/33 MP: 5/5
  1564 | D:2      | Found a hide-covered altar of Uskayaw.
  1564 | D:2      | Noticed a +3 hand axe
  1565 | D:2      | Noticed a +0 hand axe
  1572 | D:2      | Became a worshipper of Uskayaw the Reveller
  1608 | D:2      | Reached * piety under Uskayaw
  1836 | D:2      | Noticed Natasha
  1844 | D:2      | Killed Natasha
  1844 | D:2      | Reached ** piety under Uskayaw
  2660 | D:3      | Found a glowing drain.
  2947 | Sewer    | Entered a sewer
  2960 | Sewer    | Reached skill level 1 in Dodging
  3017 | Sewer    | Reached XP level 6. HP: 39/39 MP: 6/6
  3118 | Sewer    | Reached *** piety under Uskayaw
  3123 | Sewer    | Reached **** piety under Uskayaw
  3459 | Sewer    | Reached skill level 1 in Stealth
  4137 | D:4      | Reached XP level 7. HP: 41/44 MP: 7/7
  4259 | D:4      | Reached skill level 5 in Shields
  4708 | D:4      | Found a staircase to the Ecumenical Temple.
  4742 | D:5      | Entered Level 5 of the Dungeon
  4763 | D:5      | Noticed Edmund
  4773 | D:5      | Reached skill level 5 in Fighting
  4773 | D:5      | Reached skill level 1 in Slings
  4787 | D:5      | Killed Edmund
  4788 | D:5      | Reached skill level 5 in Maces & Flails
  5012 | D:5      | Reached XP level 8. HP: 50/50 MP: 8/8
  6147 | D:6      | Noticed Grinder
  6166 | D:6      | Paralysed by Grinder for 3 turns
  6177 | D:6      | Killed Grinder
  6261 | D:7      | Found a broken altar of Ashenzari.
  6525 | D:7      | Found Yvoatri's Antique Armour Shoppe.
  6648 | D:7      | Bought a runed ring mail for 210 gold pieces
  6718 | D:7      | Reached XP level 9. HP: 56/56 MP: 9/9
  6823 | D:7      | Reached ***** piety under Uskayaw
  6860 | D:7      | Reached ****** piety under Uskayaw
  7042 | D:7      | Found Sel Xenuvoll's Magic Scroll Shoppe.
  7043 | D:7      | Found Bokly's Antique Weapon Shoppe.
  7050 | D:7      | Bought a scroll of teleportation for 45 gold pieces
  7055 | D:7      | Found Keirefaj's Magic Scroll Shop.
  7638 | D:7      | Found a sacrificial altar of Ru.
  7675 | D:7      | Found a hazy altar of Hepliaklqana.
  7675 | D:7      | Found a glowing silver altar of Zin.
  8118 | D:8      | Found a burning altar of Makhleb.
  8127 | D:8      | Reached skill level 5 in Armour
  8315 | D:8      | Noticed a kobold demonologist
  8327 | D:8      | Killed a kobold demonologist
  8328 | D:8      | Reached XP level 10. HP: 64/64 MP: 8/10
  8567 | D:8      | Noticed Maggie
  8581 | D:8      | Killed Maggie
  9711 | D:9      | Found a staircase to the Lair.
  9845 | D:9      | Found a blossoming altar of Fedhas.
  9853 | D:9      | Reached skill level 1 in Short Blades
  9853 | D:9      | Reached skill level 1 in Long Blades
  9853 | D:9      | Reached skill level 1 in Axes
  9853 | D:9      | Reached skill level 1 in Polearms
  9853 | D:9      | Reached skill level 1 in Staves
  9853 | D:9      | Reached skill level 1 in Bows
  9853 | D:9      | Reached skill level 1 in Crossbows
  9853 | D:9      | Reached skill level 1 in Throwing
  9853 | D:9      | Reached skill level 1 in Unarmed Combat
  9853 | D:9      | Reached skill level 1 in Spellcasting
  9853 | D:9      | Reached skill level 1 in Conjurations
  9853 | D:9      | Reached skill level 1 in Hexes
  9853 | D:9      | Reached skill level 1 in Summonings
  9853 | D:9      | Reached skill level 1 in Necromancy
  9853 | D:9      | Reached skill level 1 in Translocations
  9853 | D:9      | Reached skill level 1 in Transmutations
  9853 | D:9      | Reached skill level 1 in Fire Magic
  9853 | D:9      | Reached skill level 1 in Ice Magic
  9853 | D:9      | Reached skill level 1 in Air Magic
  9853 | D:9      | Reached skill level 1 in Earth Magic
  9853 | D:9      | Reached skill level 1 in Poison Magic
  9853 | D:9      | Reached skill level 1 in Invocations
  9853 | D:9      | Reached skill level 1 in Evocations
  9853 | D:9      | Reached XP level 11. HP: 71/71 MP: 10/12
  9897 | D:9      | Got a twitching granite ring
  9987 | D:10     | Entered Level 10 of the Dungeon
 10570 | D:10     | Reached XP level 12. HP: 67/76 MP: 11/13
 10904 | D:11     | Found Irphephic's Assorted Antiques.
 10905 | D:11     | Found Wavil's Book Boutique.
 10907 | D:11     | Found Fuafainoih's Jewellery Boutique.
 10907 | D:11     | Found Cuel's Magic Scroll Boutique.
 11019 | D:11     | Bought an uncursed ring of see invisible for 240 gold
                  | pieces
 11040 | D:11     | Bought a scroll of enchant weapon for 105 gold pieces
 11097 | D:11     | Reached skill level 5 in Stealth
 11253 | D:11     | Reached skill level 10 in Maces & Flails
 12089 | D:11     | Reached skill level 10 in Fighting
 12384 | D:12     | Noticed a two-headed ogre
 12395 | D:12     | Killed a two-headed ogre
 12410 | D:12     | Noticed a boulder beetle
 13225 | D:11     | Reached skill level 5 in Dodging
 13380 | D:12     | Killed a boulder beetle
 13803 | D:12     | Found Rawnuyt's Antique Weapon Shop.
 14118 | D:12     | Found a staircase to the Orcish Mines.
 14577 | D:13     | Noticed a two-headed ogre
 14634 | D:13     | Killed a two-headed ogre
 14635 | D:13     | Reached XP level 13. HP: 82/84 MP: 12/14
 15094 | D:13     | Noticed a vault guard
 15299 | D:13     | Killed a vault guard
 16181 | D:13     | You fall into a shaft and drop 2 floors!
 16181 | D:15     | Entered Level 15 of the Dungeon
 16999 | D:14     | Found Paoligg's Magic Scroll Emporium.
 17004 | D:14     | Bought a scroll of teleportation for 48 gold pieces
 17004 | D:14     | Bought a scroll of enchant armour for 120 gold pieces
 17912 | D:13     | Cast into level 2 of the Abyss (a wizard)
 17968 | Abyss:2  | Noticed a revenant
 18158 | Abyss:2  | Mangled by a large abomination

Illustrated notes

Levels and vault maps discovered:
D:1:      amcnicky_arrival_double_pillar, layout_basic
D:2:      layout_basic, dancing_weapons_uskayaw, uniq_natasha
D:3:      layout_rooms, portal_sewer_entry_f
D:4:      layout_cave_pods, temple_fountains
D:5:      cheibrodos_helix_gallery, layout_basic, uniq_edmund
D:6:      layout_cave_pools, uniq_grinder
D:7:      layout_cave_pools, ashenzari_conservatory_becter,
          gammafunk_temple_overflow_pools, serial_gnoll_camp,
          gnoll_camp_medium_02, gnoll_camp_huts_moat, gnoll_camp_mini_hut,
          gnoll_camp_mini_house, serial_shops, shop, nicolae_shop_stone, shop,
          nicolae_shop_crystal, minivault_11, nicolae_ru_path_of_blood
D:8:      layout_gridville, makhleb_blood_cavern_becter, special_room
          [special_room_kobold], hangedman_decor_lopped,
          hangedman_decor_clover_reticule, item_on_display_b, uniq_maggie
D:9:      layout_roguey, fedhas_altar_3, lair_entry_dummy
D:10:     layout_loops_ring, grunt_decor_one_mirror, kennysheep_crisscross
D:11:     layout_basic, portal_ice_cave_entry_ice_beasts,
          minmay_shop_grid_forest
D:12:     layout_rooms, david_orc_4, serial_aquarium,
          aquarium_bridge_long_joined [aquarium_subvault_bridge,
          aquarium_subvault_wall, aquarium_subvault_bridge,
          aquarium_subvault_balcony, aquarium_subvault_bridge,
          aquarium_subvault_bridge], aquarium_bridge_square
          [aquarium_subvault_balcony, aquarium_subvault_bridge,
          aquarium_subvault_balcony, aquarium_subvault_balcony],
          aquarium_window_corridor_3, aquarium_window_1, aquarium_window_1,
          aquarium_window_corner, aquarium_view_2a, serial_shops,
          nicolae_shop_competitors_out_of_business
D:13:     layout_loops_ring, grunt_vaults_entry_fortified,
          lightli_corner_chamber
D:14:     layout_cave_pods, basic_altar, chequers_serial_rivers_micro_a,
          serial_shops, kennysheep_mini, kennysheep_windowed_goal
D:15:     hangedman_depths_entry_try_elsewhere_first, layout_basic, special_room
          [special_room_bee], minmay_misc_feat_diagonals
Abyss:2:  base: Temple, minivault_20

Skill      XL: |  1  2  3  4  5  6  7  8  9 10 11 12 13 |
---------------+----------------------------------------+-----
Fighting       | 4 5 6 7 9 11 12 | 12.0
Maces & Flails | 3 4 5 7 8 9 11 12 | 12.2
Shields        | 4 5 6 7 8 9 |  9.9
Armour         | 4 5 |  5.5
Dodging        | 1 2 3 4 5 |  5.7
Stealth        | 1 2 3 4 6 |  6.8
Slings         | 1 2 3 |  3.2
Short Blades   | 1 |  1.0
Long Blades    | 1 |  1.0
Axes           | 1 |  1.0
Polearms       | 1 |  1.4
Staves         | 1 |  1.2
Bows           | 1 |  1.2
Crossbows      | 1 2 4 |  4.3
Throwing       | 1 2 |  2.4
Unarmed Combat | 1 |  1.2
Spellcasting   | 1 |  1.0
Conjurations   | 1 |  1.3
Hexes          | 1 |  1.0
Summonings     | 1 |  1.0
Necromancy     | 1 |  1.0
Translocations | 1 |  1.6
Transmutations | 1 |  1.0
Fire Magic     | 1 |  1.2
Ice Magic      | 1 |  1.2
Air Magic      | 1 |  1.0
Earth Magic    | 1 |  1.4
Poison Magic   | 1 |  1.2
Invocations    | 1 |  1.8
Evocations     | 1 |  1.1

Action                   |  1- 3 |  4- 6 |  7- 9 | 10-12 | 13-15 || total
-------------------------+-------+-------+-------+-------+-------++-------
Melee: Flail             |   107 |   336 |   394 |   720 |   249 ||  1806
       Unarmed           |       |       |     1 |       |       ||     1
       Spear             |       |       |     7 |       |       ||     7
       Short sword       |       |       |       |       |     4 ||     4
 Fire: Hunting sling     |       |    16 |    66 |       |       ||    82
       Hand crossbow     |       |       |       |    44 |   100 ||   144
Throw: Throwing net      |       |       |     5 |     9 |       ||    14
       Stone             |       |       |     1 |       |       ||     1
       Dart              |       |       |       |       |    21 ||    21
Invok: Stomp             |       |       |     6 |     3 |     2 ||    11
       Line Pass         |       |       |       |     2 |     4 ||     6
Evoke: Wand              |       |     1 |     1 |     5 |     6 ||    13
  Use: Potion            |     2 |     4 |     5 |     5 |     3 ||    19
       Scroll            |     2 |     8 |     9 |     8 |     4 ||    31
 Stab: Paralysed         |       |     2 |    13 |    27 |    12 ||    54
       Sleeping          |       |       |     1 |     1 |     3 ||     5
       Held in net/web   |       |       |     2 |     2 |       ||     4
       Invisible         |       |       |       |     1 |       ||     1
       Petrified         |       |       |       |       |     1 ||     1
Armor: Scale mail        |    66 |    26 |       |       |       ||    92
       Leather armour    |       |   138 |    63 |       |       ||   201
       Ring mail         |       |       |   140 |    34 |       ||   174
       Steam dragon scal |       |       |       |   180 |   137 ||   317
Dodge: Dodged            |    50 |   143 |   180 |   215 |   117 ||   705
Block: Kite shield       |    80 |   190 |   261 |   305 |   173 ||  1009
